 Dungeon Crawl Stone Soup version 0.28-a0-1147-gc7b72d3202 (webtiles) character file.

Game seed: 13743201576257218183

1121 Htamos the Skirmisher (level 8, -11/68 HPs)
             Began as a Palentonga Berserker on Dec 14, 2021.
             Was a Believer of Trog.
             Mangled by an ogre (14 damage)
             ... on level 6 of the Dungeon.
             The game lasted 00:08:29 (4689 turns).

Htamos the Skirmisher (Palentonga Berserker)        Turns: 4689, Time: 00:08:30

Health: -11/68     AC: 15    Str: 22    XL:     8   Next: 12%
Magic:  8/8        EV: 10    Int:  7    God:    Trog [**....]
Gold:   224        SH:  0    Dex: 11    Spells: 7/7 levels left

rFire   . . .      SeeInvis +   u - +0 war axe
rCold   + . .      Faith    .   (no shield)
rNeg    . . .      Spirit   .   l - +2 leather armour {rC+}
rPois   .          Reflect  .   o - +0 helmet
rElec   .          Harm     .   (no cloak)
rCorr   .          Rampage  .   (no gloves)
Will    ++...                   (no barding)
Stlth   +.........              (no amulet)
HPRegen 1.21/turn               (no ring)
MPRegen 0.11/turn               (no ring)

@: mighty, strong-willed, on berserk cooldown, regenerating, slowed, studying
Stealth, curled up, very slow
A: large, rugged brown scales 3, see invisible, deformed body, roll 1, armoured
tail, reflexive curl
a: Rolling Charge, Renounce Religion, Berserk, Trog's Hand


You were on level 6 of the Dungeon.
You worshipped Trog.
Trog was pleased with you.
You visited 1 branch of the dungeon, and saw 6 of its levels.

You collected 224 gold pieces.

Inventory:

Hand Weapons
 a - a +0 hand axe
 g - a +2 dagger of draining
 q - a +1 scythe of venom
 u - a +0 war axe (weapon)
Missiles
 p - 2 throwing nets
Armour
 b - a +0 animal skin
 h - a +0 leather armour
 l - a +2 leather armour of cold resistance (worn)
 o - a +0 helmet (worn)
Jewellery
 e - an amulet of faith
Wands
 v - a wand of paralysis (12)
Scrolls
 f - 2 scrolls of amnesia
 i - 5 scrolls of teleportation
 m - a scroll of holy word
 s - 2 scrolls of blinking {unknown}
 t - a scroll of silence {unknown}
Potions
 d - a potion of ambrosia
 j - a potion of mutation
 k - 2 potions of lignification {unknown}
 n - a potion of magic {unknown}
 r - a potion of attraction
 w - a potion of brilliance {unknown}


   Skills:
 + Level 5.7 Fighting
 + Level 5.5 Axes
 + Level 4.2 Armour
 + Level 4.2 Dodging


You had 7 spell levels left.
You didn't know any spells.
Your spell library was empty.

Dungeon Overview and Level Annotations

Branches:
Dungeon (5/15)             Temple (0/1) D:5

Altars:
Kikubaaqudgha
Nemelex Xobeh
Uskayaw
Vehumet
The Shining One

Shops:
D:1 *   D:2 *


Innate Abilities, Weirdness & Mutations

You are completely covered in rugged brown scales. (AC +3, +7% HP)
You have supernaturally acute eyesight. (SInv)
Armour fits poorly on your strangely shaped body.
You can roll at nearby foes to attack.
You have a long armoured tail.
You curl defensively after being hit. (AC +7*)


Message History

Trog accepts your kill.
Roll where?
Press: ? - help, Dir - move target, f - jelly
Aim: a jelly You roll forward with a clatter of scales!
You slash the jelly!
You kill the jelly!
Trog accepts your kill.
You hear a shout!
An ogre comes into view. It is wielding a +0 giant spiked club.
A red film seems to cover your vision as you go berserk!
You feel yourself moving faster!
You feel mighty!
You feel a strong urge to attack something.
The ogre hits you but does no damage.
You slash the ogre!
The ogre is moderately wounded.
The ogre hits you with a +0 giant spiked club!!
You hit the ogre.
Your tail-slap misses the ogre.
The ogre is heavily wounded.
You barely miss the ogre.
The ogre is heavily wounded.
You are no longer berserk.
You are exhausted.
You feel yourself slow down. The ogre misses you.
You hit the ogre.
Your tail-slap misses the ogre.
The ogre is heavily wounded.
The ogre hits you with a +0 giant spiked club!!
You barely miss the ogre.
The ogre is heavily wounded.
The ogre hits you with a +0 giant spiked club!
* * * LOW HITPOINT WARNING * * *
The ogre barely misses you.
You feel very mighty all of a sudden.
The ogre hits you with a +0 giant spiked club!!
* * * LOW HITPOINT WARNING * * *
Unknown command.
Your skin crawls.
You feel strong-willed.
The ogre hits you with a +0 giant spiked club!
You die...

#.. #########.. ##
.#.......##. .# .
........... .# ..#
.......... ##.# #..#
......... #..# ##>.#
#O....# ###.# ##...#
##@# #..)###....# #..#
#)..)......####..##
.)P♣........#.....#
..)P..........###....≈≈
#............####P..P≈♣
.#............#.PPP♣≈≈≈
#.##........P.≈P≈≈♣≈≈.P
.....#.....PPP≈≈≈♣PPP..


You could see an ogre.

Vanquished Creatures
  Sigmund (D:4)
  A black bear (D:5)
  An ogre (D:5)
  A centaur (D:6)
  A kobold brigand (D:6)
  2 scorpions
  A bullfrog (D:5)
  A hound (D:6)
  2 orc priests (D:5)
  A jelly (D:6)
  An iguana (D:5)
  A hound skeleton (D:5)
  10 gnolls
  9 adders
  3 ufetubi
  An adder skeleton (D:5)
  3 worms
  2 dart slugs (D:3)
  12 orcs
  7 endoplasms
  2 giant cockroaches
  4 goblins
  7 hobgoblins
  6 jackals
  4 quokkas
  9 ball pythons
  4 bats
  2 frilled lizards (D:3)
  11 kobolds
  3 rats
113 creatures vanquished.

Vanquished Creatures (others)
  18 plants
18 creatures vanquished.

Grand Total: 131 creatures vanquished

Notes
Turn   | Place    | Note
-------+----------+-------------------------------------------
     0 | D:1      | Htamos the Palentonga Berserker began the quest for the
                  | Orb.
     0 | D:1      | Reached XP level 1. HP: 19/19 MP: 1/1
   238 | D:1      | Found Nunk's Assorted Antiques.
   606 | D:1      | Reached XP level 2. HP: 25/25 MP: 2/2
  1186 | D:2      | Found Jamytium's General Store.
  1298 | D:2      | Reached XP level 3. HP: 25/31 MP: 3/3
  1527 | D:2      | Reached ** piety under Trog
  2185 | D:3      | Reached XP level 4. HP: 38/38 MP: 4/4
  2356 | D:3      | Found a faded altar of an unknown god.
  2782 | D:4      | Noticed a scorpion
  2786 | D:4      | Killed a scorpion
  2787 | D:4      | Reached XP level 5. HP: 44/44 MP: 5/5
  3240 | D:4      | Reached XP level 6. HP: 52/52 MP: 6/6
  3405 | D:4      | Noticed Sigmund
  3413 | D:4      | Killed Sigmund
  3695 | D:5      | Entered Level 5 of the Dungeon
  3816 | D:5      | Gained mutation: You curl defensively after being hit. (AC
                  | +7*) [Palentonga growth]
  3816 | D:5      | Reached XP level 7. HP: 58/58 MP: 7/7
  3820 | D:5      | Reached skill level 5 in Fighting
  3825 | D:5      | Reached skill level 5 in Axes
  3961 | D:5      | Found a staircase to the Ecumenical Temple.
  4341 | D:5      | Found a radiant altar of Vehumet.
  4341 | D:5      | Found a faded altar of an unknown god.
  4346 | D:5      | Found a hide-covered altar of Uskayaw.
  4348 | D:5      | Found a sparkling altar of Nemelex Xobeh.
  4349 | D:5      | Found a faded altar of an unknown god.
  4396 | D:5      | Found an ancient bone altar of Kikubaaqudgha.
  4405 | D:5      | Found a glowing golden altar of the Shining One.
  4559 | D:5      | You fall into a shaft and drop 1 floor!
  4642 | D:6      | Reached XP level 8. HP: 63/67 MP: 8/8
  4688 | D:6      | HP: 1/68 [ogre (21)]
  4689 | D:6      | Mangled by an ogre

Illustrated notes

Levels and vault maps discovered:
D:1:      mushboom_english_gardens, layout_basic, serial_shops, shop
D:2:      layout_rooms, serial_shops, nicolae_square_shop
D:3:      layout_rooms, chequers_ecumenical_altar_grove,
          kennysheep_cross_bottleneck, minmay_fractal_squares_diagonal_5
D:4:      minmay_chambers_of_twos, layout_rooms, serial_bayou_lagoon_b,
          uniq_sigmund
D:5:      lemuel_castle_with_subvaults [lemuel_castle_interior_carwin_1],
          layout_rooms, chequers_temple_overflow_minitemple,
          mainiacjoe_overflow_swirl, minmay_temple_entry_nine_rooms, hex_large,
          minmay_manual_mess
D:6:      layout_layer_cave, kennysheep_mini_moat, elyvilon_altar_4,
          nicolae_qazlal_style_of_elements, serial_park_tiny_1,
          serial_bayou_lagoon_a

Skill      XL: |  1  2  3  4  5  6  7 |
---------------+----------------------+-----
Armour         | 2 3 4 |  4.2
Dodging        | 2 3 4 |  4.2
Fighting       | 4 5 |  5.7
Axes           | 4 5 |  5.5

Action                   |  1- 3 |  4- 6 |  7- 9 || total
-------------------------+-------+-------+-------++-------
Melee: Hand axe          |   118 |   124 |    96 ||   338
       Tailslap          |    11 |    16 |    12 ||    39
       Dagger            |    10 |       |       ||    10
       War axe           |       |       |    30 ||    30
Invok: Berserk           |     2 |     7 |     5 ||    14
       Trog's Hand       |       |     4 |     2 ||     6
 Abil: Rolling Charge    |     3 |       |     1 ||     4
  Use: Scroll            |     6 |     2 |       ||     8
       Potion            |     1 |       |     1 ||     2
 Stab: Sleeping          |       |     1 |       ||     1
Armor: Animal skin       |    20 |       |       ||    20
       Leather armour    |    41 |    44 |    74 ||   159
Dodge: Dodged            |    57 |    74 |    80 ||   211

Table legend: (Time is in decaauts)
 A = Elapsed time spent in this place.
 B = Non-inter-level travel time spent in this place.
 C = Inter-level travel time spent in this place.
 D = Time resting spent in this place.
 E = Time spent auto-exploring this place.
 F = Levels seen in this place.
 G = Mean time per level.
                   A        B        C        D        E       F      G
               +--------+--------+--------+--------+--------+-----+--------+
         Total |   4855 |   4727 |    128 |    476 |   3270 |   6 |  809.2 |
       Dungeon |   4855 |   4727 |    128 |    476 |   3270 |   6 |  809.2 |
               +--------+--------+--------+--------+--------+-----+--------+

Top non-repeatable levels by time:
     D:1: 1147 daAuts
     D:4: 1023 daAuts
     D:5: 911 daAuts
     D:3: 820 daAuts
     D:2: 810 daAuts
     D:6: 141 daAuts
